 Dungeon Crawl Stone Soup version 0.22-a0-379-ga9d99d6 (webtiles) character file.

479 Alphaeus the Covert (level 7, -6/46 HPs)
             Began as an Octopode Berserker on Apr 28, 2018.
             Was a Believer of Trog.
             Mangled by an orc
             ... wielding a +0 hand axe
              (8 damage)
             ... on level 4 of the Dungeon.
             The game lasted 00:03:42 (4692 turns).

Alphaeus the Covert (Octopode Berserker)            Turns: 4692, Time: 00:03:42

Health: -6/46      AC:  1    Str: 15    XL:     7   Next: 11%
Magic:  7/7        EV: 14    Int:  9    God:    Trog [**....]
Gold:   208        SH:  0    Dex: 13    Spells: 6/6 levels left

rFire    . . .     SeeInvis .   a - +0 short sword
rCold    . . .     Gourm    +   (no shield)
rNeg     . . .     Faith    .   (helmet restricted)
rPois    .         Spirit   .   e - amulet of the gourmand
rElec    .         Reflect  .   r - -2 ring of strength (curse)
rCorr    .         Harm     .   s - ring of loudness (curse)
MR       .....                  (no ring)
Stlth    ++++......             (no ring)
HPRegen  0.15/turn              (no ring)
MPRegen  0.10/turn              (no ring)
                                (no ring)
                                (no ring)

@: no status effects
A: almost no armour, stealthy swim, amphibious, 8 rings, constrict 8, camouflage
1, gelatinous body 1
a: Berserk, Trog's Hand, Renounce Religion


You were on level 4 of the Dungeon.
You worshipped Trog.
Trog was pleased with you.
You were very full.

You visited 1 branch of the dungeon, and saw 4 of its levels.

You collected 208 gold pieces.

Inventory:

Hand Weapons
 a - a +0 short sword (weapon)
Jewellery
 e - an amulet of the gourmand (around mantle)
 r - a cursed -2 ring of strength (left tentacle)
 s - a cursed ring of loudness (right tentacle)
Wands
 p - a wand of iceblast (7)
Scrolls
 c - 2 scrolls of fear {unknown}
 d - a scroll of enchant weapon {unknown}
 i - 3 scrolls of identify {unknown}
 m - a scroll of blinking {unknown}
 n - a scroll of teleportation {unknown}
 o - a scroll of magic mapping {unknown}
Potions
 f - 3 potions of might {unknown}
 h - 5 potions of lignification {unknown}
 j - a potion of degeneration {unknown}
 k - a potion of mutation {unknown}
 l - a potion of magic {unknown}
Comestibles
 b - 6 rations


   Skills:
 + Level 3.0 Fighting
 * Level 3.1 Short Blades
 + Level 3.0 Dodging
 - Level 10.0 Stealth


You had 6 spell levels left.
You didn't know any spells.

Dungeon Overview and Level Annotations

Branches:
Dungeon (4/15)
 Temple: D:4-7

Altars:
Kikubaaqudgha
Xom


Innate Abilities, Weirdness & Mutations

You cannot wear most types of armour.
You are very stealthy in the water. (Stealth+)
You are amphibious.
You can wear up to eight rings at the same time.
You can use your tentacles to constrict eight enemies at once.
Your skin changes colour to match your surroundings (Stealth+).
Your rubbery body absorbs attacks. (AC +1, EV +1)


Message History

* * * LOW HITPOINT WARNING * * *
The orc hits you with a hand axe.
* * * LOW HITPOINT WARNING * * *
The orc hits you with a hand axe.
* * * LOW HITPOINT WARNING * * *
Things that are here:
a dagger; a robe; an orc corpse You hit the orc.
Your grab misses the orc.
The orc is heavily wounded.
The orc closely misses you.
You closely miss the orc. Your grab misses the orc.
The orc is heavily wounded.
The orc misses you. The orc hits you with a hand axe.
* * * LOW HITPOINT WARNING * * *
You barely miss the orc. Your grab misses the orc.
The orc is heavily wounded.
The orc hits you with a hand axe.
* * * LOW HITPOINT WARNING * * *
The orc hits you with a hand axe!
You die...

####.# #.####
##.....## #.# #.#
##...## #.# #.# ##+##
#.# #<# #.# #.# #.#
#.# # #######.# #.#
##.###. .....##^#
##.## ##...#.#
####.##.# ##.o.##
###.#.....##
####.##.# #..)@o#
............
...#.##.#
#.........##.###.#.#.
##......#
#....:#..... #.##.#
###.#### ##...#######
#.###. ####.# #####
#.# ## .....#### #.#
# #####...# #.#
#####.#.# #########.#
...##.#.####
#.........#


You could see 2 orcs.

Vanquished Creatures
  An ice beast (D:3)
  A phantom (D:4)
  An orc priest (D:3)
  2 orc wizards
  A centaur skeleton (D:4)
  An iguana (D:2)
  A hound skeleton (D:4)
  5 adders
  An adder zombie (D:2)
  4 worms
  A dart slug (D:2)
  A leopard gecko (D:3)
  9 orcs
  8 bats
  A giant cockroach (D:2)
  10 goblins
  7 hobgoblins
  2 jackals (D:4)
  3 ball pythons
  5 frilled lizards
  5 kobolds
  10 rats
80 creatures vanquished.

Notes
Turn   | Place    | Note
-------+----------+-------------------------------------------
     0 | D:1      | Alphaeus the Octopode Berserker began the quest for the Orb.
     0 | D:1      | Reached XP level 1. HP: 16/16 MP: 1/1
    19 | D:1      | Reached skill level 1 in Stealth
   237 | D:1      | Reached skill level 2 in Stealth
   264 | D:1      | Reached XP level 2. HP: 19/21 MP: 2/2
   438 | D:1      | Reached skill level 3 in Stealth
   762 | D:2      | Reached XP level 3. HP: 15/26 MP: 3/3
  1002 | D:2      | Reached skill level 4 in Stealth
  1422 | D:2      | Reached skill level 5 in Stealth
  1422 | D:2      | Reached XP level 4. HP: 21/31 MP: 4/4
  1874 | D:2      | Reached ** piety under Trog
  1979 | D:2      | Reached skill level 6 in Stealth
  2313 | D:2      | Reached XP level 5. HP: 36/36 MP: 5/5
  2677 | D:3      | Reached skill level 7 in Stealth
  2864 | D:3      | Noticed an ice beast
  2880 | D:3      | Killed an ice beast
  2880 | D:3      | Reached skill level 8 in Stealth
  2880 | D:3      | Reached XP level 6. HP: 25/42 MP: 6/6
  3409 | D:3      | Found an ancient bone altar of Kikubaaqudgha.
  3704 | D:4      | Reached skill level 9 in Stealth
  3838 | D:4      | Got a jewelled hat
  3844 | D:4      | Identified the cursed -3 hat "Ijepp" {+Inv} (You found it on level 4 of the Dungeon)
  3898 | D:4      | Noticed a phantom
  3937 | D:4      | Killed a phantom
  4220 | D:4      | Reached XP level 7. HP: 46/46 MP: 7/7
  4404 | D:4      | Found a shimmering altar of Xom.
  4473 | D:4      | Reached skill level 10 in Stealth
  4692 | D:4      | HP: 2/46 [orc/hand axe (1)]
  4692 | D:4      | Mangled by an orc

Vault maps used:
D:1:      minmay_arrival_arboretum_small, serial_forest,
          infiniplex_forest_zigzag_1, infiniplex_forest_straight_4,
          infiniplex_forest_diagonal, infiniplex_forest_clump_small,
          infiniplex_forest_straight_3, infiniplex_forest_end_3,
          kennysheep_minor_cross, minmay_misc_feat_tiny, hex_tiny, st_stairs_4,
          solitary_fountain
D:2:      kb_forest_paths
D:3:      lemuel_zombie_altar_kikubaaqudgha
D:4:      kennysheep_little_box, first_ration

Skill      XL: |  1  2  3  4  5  6  7 |
---------------+----------------------+-----
Stealth        | 2 3 5 6 8 9 10 | 10.0
Fighting       | |  3.0
Short Blades   | |  3.1
Dodging        | |  3.0

Action                   |  1- 3 |  4- 6 |  7- 9 || total
-------------------------+-------+-------+-------++-------
Melee: Short sword       |    55 |   130 |    15 ||   200
       Constrict         |    13 |    19 |     2 ||    34
       Tentacles         |     6 |    20 |     2 ||    28
Invok: Berserk           |       |     1 |       ||     1
  Use: Scroll            |     1 |     1 |       ||     2
 Stab: Sleeping          |     8 |    15 |     1 ||    24
       Distracted        |       |     1 |       ||     1
  Eat: Chunk             |     1 |    23 |       ||    24
Armor: Skin              |     8 |     5 |       ||    13
Dodge: Dodged            |    34 |    82 |     8 ||   124

Table legend:
 A = Spawn XP
 B = Non-spawn XP
 C = Spawn XP percentage of total XP
 D = Spawn monster count
 E = Non-spawn monster count
 F = Spawn count percentage of total count
 G = Total turns spent on level
                    A         B        C        D         E        F      G
               +---------+---------+-------+---------+---------+-------+---------
         Total |       0 |     685 |   0.0 |       0 |      80 |   0.0 |  4692
               +---------+---------+-------+---------+---------+-------+---------
           D:1 |       0 |      24 |   0.0 |       0 |      17 |   0.0 |   750
           D:2 |       0 |     144 |   0.0 |       0 |      35 |   0.0 |  1888
           D:3 |       0 |     270 |   0.0 |       0 |      18 |   0.0 |  1012
           D:4 |       0 |     247 |   0.0 |       0 |      10 |   0.0 |  1042
               +---------+---------+-------+---------+---------+-------+---------
